 Dungeon Crawl Stone Soup version 0.29-a0-233-g1125b37a9b (webtiles) character file.

Game seed: 13599291392388656739

73 lunkers the Covert (level 4, -3/34 HPs)
             Began as a Vampire Delver on Mar 1, 2022.
             Slain by an orc
             ... wielding a +0 whip
              (5 damage)
             ... on level 4 of the Dungeon.
             The game lasted 00:00:36 (103 turns).

lunkers the Covert (Vampire Delver)                  Turns: 103, Time: 00:00:37

Health: -3/34      AC:  3    Str: 11    XL:     4   Next: 8%
Magic:  4/4        EV: 12    Int: 12    God:
Gold:   21         SH:  0    Dex: 17    Spells: 3/3 levels left

rFire   . . .      SeeInvis +   a - +0 short sword
rCold   . . .      Faith    .   (no shield)
rNeg    . . .      Spirit   .   b - +0 leather armour
rPois   .          Reflect  .   (no helmet)
rElec   .          Harm     .   (no cloak)
rCorr   .          Rampage  .   (no gloves)
Will    .....                   (no boots)
Stlth   +.........              (no amulet)
HPRegen 0.31/turn               (no ring)
MPRegen 0.09/turn               (no ring)

@: confused, healing quickly
A: alive, fangs 3, see invisible, vampiric 2
a: Exsanguinate


You were on level 4 of the Dungeon.
You visited 1 branch of the dungeon, and saw 2 of its levels.

You collected 21 gold pieces.

Inventory:

Hand Weapons
 a - a +0 short sword (weapon)
Armour
 b - a +0 leather armour (worn)
Wands
 g - a wand of digging (3)
Scrolls
 c - a scroll of fog
 d - a scroll of magic mapping
 e - a scroll of fear
Potions
 f - a potion of haste


   Skills:
 - Level 2.6 Fighting
 * Level 4.1 Short Blades
 - Level 2.1 Dodging
 + Level 8.1 Stealth


You had 3 spell levels left.
You didn't know any spells.
Your spell library was empty.

Dungeon Overview and Level Annotations

Branches:
Dungeon (5/15)
 Temple: D:4-7

Altars:


Innate Abilities, Weirdness & Mutations

Your natural rate of healing is accelerated.
You have razor-sharp teeth.
You have supernaturally acute eyesight. (SInv)
You are afflicted with vampirism and can become a bat while bloodless.


Message History

The orc closely misses you.
Unknown command.
You barely miss the orc wizard. Your bite misses the orc wizard.
The orc wizard is moderately wounded.
The orc wizard misses you. The orc misses you.
Unknown command.
You closely miss the orc wizard.
The orc wizard is moderately wounded.
The orc wizard closely misses you. The orc hits you with a +0 whip.
* * * LOW HITPOINT WARNING * * *
You bump into the rock wall.
The orc wizard completely misses you. The orc hits you with a +0 whip.
* * * LOW HITPOINT WARNING * * *
You miss the orc wizard. Your punch misses the orc wizard.
Your bite misses the orc wizard.
The orc wizard is moderately wounded.
The orc wizard hits you with a +0 dagger.
* * * LOW HITPOINT WARNING * * *
The orc closely misses you.
Unknown command.
You are too confused!
Unknown command.
You bump into the rock wall.
The orc wizard hits you but does no damage.
The orc hits you with a +0 whip.
* * * LOW HITPOINT WARNING * * *
Okay, then.
You bump into the rock wall.
The orc wizard hits you with a +0 dagger.
* * * LOW HITPOINT WARNING * * *
The orc closely misses you.
Unknown command.
You barely miss the orc wizard.
The orc wizard is moderately wounded.
The orc wizard casts a spell at you. You resist with some effort.
The orc misses you.
Unknown command.
You're too confused to move!
The orc wizard barely misses you. The orc hits you with a +0 whip.
You die...

#######
#....)#
#.....####
#..).)'..#
#)....##.#
####.#.S.....
#o#.#o####
#@#.#...
#o#.......
#.#....o..
#.#..... .
#.#... ...
#.. ...


You could see an orc wizard (invisible) and an orc.

Vanquished Creatures
  2 orc priests (D:4)
  An adder (D:4)
  2 orcs (D:4)
5 creatures vanquished.

Notes
Turn   | Place    | Note
-------+----------+-------------------------------------------
     0 | D:5      | lunkers the Vampire Delver began the quest for the Orb.
     0 | D:5      | Reached XP level 1. HP: 17/17 MP: 1/1
    40 | D:5      | Noticed an orc wizard
    47 | D:4      | Noticed an orc priest
    47 | D:4      | Noticed an orc priest
    48 | D:4      | Killed an orc priest
    49 | D:4      | Reached XP level 2. HP: 23/23 MP: 2/2
    49 | D:4      | Gained mutation: You are afflicted with vampirism and can
                  | become a bat while bloodless. [Vampire growth]
    49 | D:4      | Reached XP level 3. HP: 28/28 MP: 3/3
    56 | D:4      | Reached skill level 8 in Stealth
    84 | D:4      | Reached XP level 4. HP: 24/34 MP: 4/4
   101 | D:4      | HP: 1/34 [orc wizard/+0 dagger (2)]
   103 | D:4      | Slain by an orc

Illustrated notes

Levels and vault maps discovered:
D:4:      minmay_clustersquares, layout_basic, okawaru_gym_becter, serial_shops,
          nicolae_shop_stone, minmay_curled_crystal, st_stairs_9,
          uniq_eustachio, uniq_natasha, uniq_ijyb
D:5:      layout_basic

Skill      XL: |  1  2  3 |
---------------+----------+-----
Short Blades   | 3 4 |  4.1
Stealth        | 8 |  8.1
Fighting       | |  2.6
Dodging        | |  2.1

Action                   |  1- 3 |  4- 6 || total
-------------------------+-------+-------++-------
Melee: Short sword       |    13 |    14 ||    27
       Bite              |       |     1 ||     1
 Stab: Sleeping          |     3 |       ||     3
Armor: Leather armour    |     1 |     3 ||     4
Dodge: Dodged            |     5 |    17 ||    22

Table legend: (Time is in decaauts)
 A = Elapsed time spent in this place.
 B = Non-inter-level travel time spent in this place.
 C = Inter-level travel time spent in this place.
 D = Time resting spent in this place.
 E = Time spent auto-exploring this place.
 F = Levels seen in this place.
 G = Mean time per level.
                   A        B        C        D        E       F      G
               +--------+--------+--------+--------+--------+-----+--------+
         Total |    100 |    100 |      0 |      0 |     46 |   2 |   50.0 |
       Dungeon |    100 |    100 |      0 |      0 |     46 |   2 |   50.0 |
               +--------+--------+--------+--------+--------+-----+--------+

Top non-repeatable levels by time:
     D:4: 53 daAuts
     D:5: 47 daAuts
